 Dungeon Crawl Stone Soup version 0.28.0-53-g5a82cb258f (webtiles) character file.

Game seed: 4396214530179277392

2173 H0rd4k the Cutter (level 9, -3/66 HPs)
             Began as a Human Artificer on July 19, 2022.
             Was an Initiate of Gozag.
             Slain by an orc warrior
             ... wielding a +0 flail
              (15 damage)
             ... on level 6 of the Dungeon.
             The game lasted 00:10:04 (7523 turns).

H0rd4k the Cutter (Human Artificer)                 Turns: 7523, Time: 00:10:05

Health: -3/66      AC:  6    Str: 15    XL:     9   Next: 58%
Magic:  12/13      EV: 13    Int: 17    God:    Gozag
Gold:   221        SH:  0    Dex: 14    Spells: 10/13 levels left

rFire   . . .      SeeInvis .   M - +11 flail of Amorality {flame, Str+2 Int+2}
rCold   + + +      Faith    .   (no shield)
rNeg    . . .      Spirit   .   b - +0 leather armour
rPois   .          Reflect  .   o - +2 helmet
rElec   .          Harm     .   K - scarf {rC+ rF+}
rCorr   .          Rampage  .   (no gloves)
Will    .....                   (no boots)
Stlth   +.........              (no amulet)
HPRegen 0.21/turn               i - ring of ice
MPRegen 0.13/turn               I - ring of protection from cold

@: no status effects
A: no striking features
a: Renounce Religion, Potion Petition, Call Merchant, Bribe Branch


You were on level 6 of the Dungeon.
You worshipped Gozag.
Gozag was aware of your devotion.
You visited 2 branches of the dungeon, and saw 7 of its levels.

You collected 505 gold pieces.
You spent 221 gold pieces at shops.
You paid 63 gold pieces to Gozag.

Inventory:

Hand Weapons
 a - a +0 club
 f - a +2 short sword of holy wrath
 C - a +1 vorpal falchion
 E - a +1 short sword of draining
 M - the +11 flail of Amorality (weapon) {flame, Str+2 Int+2}
   (You bought it in a shop on level 5 of the Dungeon)

   It burns those it strikes, dealing additional fire damage.
   Str:       It affects your strength (+2).
   Int:       It affects your intelligence (+2).
Missiles
 j - 3 curare-tipped darts
 k - 7 poisoned darts (quivered)
 q - 6 boomerangs of dispersal
Armour
 b - a +0 leather armour (worn)
 o - a +2 helmet (worn)
 H - a +1 cloak
 K - a scarf of resistance (worn)
Jewellery
 i - a ring of ice (left hand)
 z - a ring of flight
 I - a ring of protection from cold (right hand)
 J - a ring of protection from fire
 N - a ring of protection from cold
 P - the ring of Anarchy {AC+4 Int+4 Slay+3}
   (You found it on level 6 of the Dungeon)

   [ring of protection]

   AC:        It affects your AC (+4).
   Int:       It affects your intelligence (+4).
   Slay:      It affects your accuracy & damage with ranged weapons and melee
   (+3).
Wands
 c - a wand of flame (20)
 d - a wand of charming (9)
 y - a wand of paralysis (14)
 B - a wand of polymorph (7)
Scrolls
 h - 2 scrolls of blinking {unknown}
 l - a scroll of summoning
 m - a scroll of immolation {unknown}
 n - a scroll of magic mapping {unknown}
 u - 2 scrolls of identify {unknown}
 v - 2 scrolls of fear {unknown}
 x - a scroll of noise {unknown}
 D - a scroll of vulnerability {unknown}
 F - a scroll of teleportation {unknown}
Potions
 g - a potion of curing {unknown}
 p - a potion of haste {unknown}
 r - a potion of heal wounds {unknown}
 s - 2 potions of magic {unknown}
 t - 2 potions of degeneration {unknown}
 w - 2 potions of attraction {unknown}
 A - 2 potions of mutation {unknown}
 G - a potion of might {unknown}
 L - a potion of resistance {unknown}
 O - a potion of brilliance {unknown}
Miscellaneous
 e - a piece from Xom's chessboard (15/15)


   Skills:
 + Level 4.4 Fighting
 + Level 6.2 Short Blades
 + Level 2.0 Maces & Flails
 + Level 4.0 Throwing
 - Level 2.0 Armour
 + Level 4.9 Dodging
 - Level 1.0 Stealth
 * Level 2.7 Spellcasting
 * Level 2.6 Ice Magic
 + Level 5.0 Evocations


You had 10 spell levels left.
You knew the following spells:

 Your Spells              Type           Power      Damage    Failure   Level
a - Frozen Ramparts       Ice            32%        1d5       22%         3

Your spell library contained the following spells:

 Spells                   Type           Power      Damage    Failure   Level
 Freeze                   Ice            64%        1d8       8%          1
 Blink                    Tloc           4%         N/A       32%         2
 Sublimation of Blood     Necr           2%         N/A       32%         2
 Wereblood                Tmut           2%         N/A       32%         2
 Lesser Beckoning         Tloc           2%         N/A       54%         3
 Hailstorm                Conj/Ice       10%        3d5       78%         4
 Ice Form                 Ice/Tmut       10%        N/A       78%         4
 Summon Ice Beast         Ice/Summ       10%        N/A       78%         4
 Manifold Assault         Tloc           2%         N/A       99%         5
 Summon Hydra             Summ           1%         N/A       100%        7


Dungeon Overview and Level Annotations

Branches:
Dungeon (6/15)             Temple (1/1) D:5

Altars:
Cheibriados
Dithmenos
Elyvilon
Fedhas
Gozag
Hepliaklqana
Kikubaaqudgha
Makhleb
Nemelex Xobeh
Okawaru
Qazlal
Ru
Sif Muna
Trog
Uskayaw
Vehumet
Wu Jian
Yredelemnul
Zin
Ignis

Shops:
D:5 (

Annotations:
D:5 exclusion: downstairs


Message History

Done exploring.
(D) Dungeon (T) Temple
Where to? (Enter - D:6, ? - help)
Okay, then.
There is an open door here.
There is an open door here.
There is an open door here.
There is an open door here.
The orc priest shouts!
You hear a shout!
The orc warrior shouts!
The orc priest misses you.
The orc priest shouts!
You sock the orc priest! You burn the orc priest.
You kill the orc priest!
Things that are here:
5 gold pieces; a +0 short sword You closely miss the orc priest.
You punch the orc priest, but do no damage.
The orc priest barely misses you.
You completely miss the orc priest. The orc priest hits you with a +0 mace.
The orc warrior closely misses you.
You sock the orc priest! You burn the orc priest.
The orc priest is severely wounded.
The orc priest closely misses you.
The orc warrior hits you with a +0 flail!
The orc priest calls down the wrath of Beogh upon you.
Pain shoots through your body!
You sock the orc priest! You burn the orc priest.
You kill the orc priest!
The orc warrior hits you with a +0 flail!
You sock the orc warrior! You burn the orc warrior.
The orc warrior is moderately wounded.
The orc warrior closely misses you.
The orc warrior hits you with a +0 flail!
* * * LOW HITPOINT WARNING * * *
You hit the orc warrior. You burn the orc warrior.
The orc warrior is heavily wounded.
The orc warrior hits you with a +0 flail!
You die...
Your body crumbles into a pile of gold.

...........................#...'.
...........................#...#.
...........................#####.
.................................
#######..............######.....^
#.....############'###....'......
#...........#.............#......
............#....o........#......
............#...@$........#......
......##...###...##########......
......##...###...#............###
#................'............#..
#................#............#..
.................#...<........#..
.................#............'..
......##...###...#............#'#
#.....##...###...###.....######..


You could see an orc warrior.

Vanquished Creatures
  A water moccasin (D:6)
  4 ice beasts
  A sky beast (D:4)
  2 ogres
  A centaur (D:5)
  A phantom (D:6)
  A bullfrog (D:6)
  A wyvern zombie (D:5)
  6 scorpions
  A wyvern skeleton (D:4)
  A bullfrog zombie (D:6)
  A centaur zombie (D:5)
  5 orc priests
  2 bullfrog skeletons
  A centaur skeleton (D:6)
  5 hounds
  Ijyb (D:4)
  2 iguanas (D:6)
  An orc wizard (D:3)
  A hound skeleton (D:4)
  A howler monkey zombie (D:5)
  6 adders
  A shadow imp (D:6)
  An ufetubus (D:5)
  2 worms
  A dart slug (D:2)
  10 orcs
  4 ball pythons
  2 bats
  7 endoplasms
  A giant cockroach (D:3)
  10 hobgoblins
  11 jackals
  6 kobolds
  A quokka (D:3)
  6 goblins
  2 rats
111 creatures vanquished.

Vanquished Creatures (collateral kills)
  An adder (D:4)
  An orc (D:3)
  A goblin (D:4)
3 creatures vanquished.

Vanquished Creatures (others)
  A phantom (D:5)
  An orc wizard (D:3)
2 creatures vanquished.

Grand Total: 116 creatures vanquished

Notes
Turn   | Place    | Note
-------+----------+-------------------------------------------
     0 | D:1      | H0rd4k the Human Artificer began the quest for the Orb.
     0 | D:1      | Reached XP level 1. HP: 15/15 MP: 1/1
   104 | D:1      | Found a faded altar of an unknown god.
   245 | D:1      | Reached XP level 2. HP: 4/21 MP: 2/2
  1170 | D:2      | Reached XP level 3. HP: 19/26 MP: 3/3
  1661 | D:2      | Reached skill level 1 in Short Blades
  1692 | D:2      | Found a bloodstained altar of Trog.
  1893 | D:2      | Reached XP level 4. HP: 32/32 MP: 4/4
  2660 | D:3      | Reached skill level 2 in Short Blades
  2787 | D:3      | Reached XP level 5. HP: 38/38 MP: 5/5
  3261 | D:3      | Found a hide-covered altar of Uskayaw.
  3283 | D:3      | Reached skill level 1 in Throwing
  3315 | D:3      | Reached XP level 6. HP: 43/44 MP: 6/6
  3424 | D:3      | Found a radiant altar of Vehumet.
  3510 | D:4      | Noticed Ijyb
  3653 | D:4      | Killed Ijyb
  3654 | D:4      | Reached skill level 3 in Short Blades
  3759 | D:4      | Noticed a sky beast
  3815 | D:4      | Killed a sky beast
  3816 | D:4      | Reached XP level 7. HP: 26/51 MP: 7/7
  4120 | D:4      | Reached skill level 4 in Short Blades
  4753 | D:4      | Found an ornate altar of the Wu Jian Council.
  4754 | D:4      | Found a basalt altar of Yredelemnul.
  4926 | D:5      | Entered Level 5 of the Dungeon
  4948 | D:5      | Found a staircase to the Ecumenical Temple.
  4984 | D:5      | Reached XP level 8. HP: 44/58 MP: 8/8
  5137 | Temple   | Entered the Ecumenical Temple
  5256 | Temple   | Became a worshipper of Gozag Ym Sagoz the Greedy
  5403 | D:5      | Reached skill level 5 in Short Blades
  5806 | D:5      | Found a white marble altar of Elyvilon.
  5952 | D:5      | Learned a level 3 spell: Frozen Ramparts
  6158 | D:5      | Found Dargh's Antique Weapon Boutique.
  6168 | D:5      | Bought a masterwork flail for 221 gold pieces
  6168 | D:5      | Identified the +11 flail of Amorality {flame, Str+2 Int+2}
                  | (You bought it in a shop on level 5 of the Dungeon)
  6221 | D:5      | Found a hazy altar of Hepliaklqana.
  6225 | D:5      | Reached skill level 1 in Spellcasting
  6341 | D:5      | Found a glowing silver altar of Zin.
  6342 | D:5      | Noticed an angel
  6380 | D:6      | Reached skill level 1 in Ice Magic
  6399 | D:6      | Reached XP level 9. HP: 32/65 MP: 9/11
  6603 | D:6      | Reached skill level 6 in Short Blades
  6710 | D:6      | Reached skill level 1 in Maces & Flails
  6788 | D:6      | Identified the ring of Anarchy {AC+4 Int+4 Slay+3}
  6827 | D:6      | Reached skill level 5 in Evocations
  7523 | D:6      | Slain by an orc warrior

Illustrated notes

Levels and vault maps discovered:
D:1:      erik_arrival_triangle_large, layout_basic,
          chequers_ecumenical_altar_simple_redux
D:2:      layout_rooms, basic_altar, kennysheep_generic_room_11
D:3:      layout_rooms, lemuel_tele_altar, overflow_temple_1_default,
          grunt_ministairs_5, minmay_bisected
D:4:      layout_gridville, gammafunk_temple_overflow_pools, uniq_ijyb
D:5:      layout_rooms, mainiacjoe_overflow_24_doors, zin_angel,
          lemuel_coloured_pillars_altar, temple_doors_e, serial_shops,
          nicolae_shop_hallway_plus, st_stairs_13
D:6:      layout_gridville
Temple:   pdpol_scorched_temple

Skill      XL: |  1  2  3  4  5  6  7  8  9 |
---------------+----------------------------+-----
Evocations     | 4 5 |  5.0
Short Blades   | 1 2 3 4 5 6 |  6.2
Fighting       | 2 3 4 |  4.4
Dodging        | 2 3 4 |  4.9
Throwing       | 1 2 3 4 |  4.0
Spellcasting   | 1 2 |  2.7
Ice Magic      | 1 2 |  2.6
Maces & Flails | 2 |  2.0
Armour         | |  2.0
Stealth        | |  1.0

Action                   |  1- 3 |  4- 6 |  7- 9 || total
-------------------------+-------+-------+-------++-------
Melee: Short sword       |    82 |   120 |   160 ||   362
       Punch             |     1 |     1 |     3 ||     5
       Flail             |       |       |    55 ||    55
Throw: Dart              |     4 |    40 |    14 ||    58
Evoke: Wand              |     6 |     2 |    18 ||    26
 Stab: Sleeping          |     1 |     1 |     1 ||     3
       Paralysed         |       |       |     2 ||     2
Armor: Leather armour    |    24 |    44 |    72 ||   140
Dodge: Dodged            |    46 |    66 |   151 ||   263
